 Dungeon Crawl Stone Soup version 0.31-a0-102-g33a4ccc0cb (webtiles) character file.

Game seed: 2845258906822651146

9264 mopl the Jinx (level 11, -4/63 HPs)
             Began as a Deep Elf Enchanter on May 26, 2023.
             Was an Elder of Dithmenos.
             Killed from afar by a gargoyle (22 damage)
             ... with a stone arrow
             ... on level 11 of the Dungeon.
             The game lasted 00:23:42 (8279 turns).

mopl the Jinx (Deep Elf Enchanter)                  Turns: 8279, Time: 00:23:43

Health: -4/63      AC: 12    Str:  5    XL:     11   Next: 20%
Magic:  23/25      EV: 14    Int: 23    God:    Dithmenos [****..]
Gold:   1385       SH:  0    Dex: 17    Spells: 12/27 levels left

rFire   + . .        b - +3 dagger (venom)
rCold   . . .        (no shield)
rNeg    . . .        u - +2 robe {rF+}
rPois   .            k - +2 helmet
rElec   .            o - +0 cloak
rCorr   .            (no gloves)
SInv    .            (no boots)
Will    ++...        r - amulet of regeneration
Stlth   ++++++       O - +4 ring of protection
HPRegen 1.10/turn    A - ring of willpower
MPRegen 0.19/turn

%: no passive effects
@: confusing by touch, wreathed by umbra
A: no striking features
a: Renounce Religion, Shadow Step


You were on level 11 of the Dungeon.
You worshipped Dithmenos.
Dithmenos was greatly pleased with you.
You visited 1 branch of the dungeon, and saw 11 of its levels.
You also visited: Ossuary and Bailey.

You collected 1385 gold pieces.

Inventory:

Hand Weapons
 a - a +1 dagger of protection
 b - a +3 dagger of venom (weapon)
 f - a +2 rapier of electrocution
Missiles
 l - 36 poisoned darts
 y - 14 boomerangs
Armour
 k - a +2 helmet (worn)
 o - a +0 cloak (worn)
 u - a +2 robe of fire resistance (worn)
Jewellery
 r - an amulet of regeneration (around neck)
 z - a ring of flight
 A - a ring of willpower (right hand)
 O - a +4 ring of protection (left hand)
Wands
 i - a wand of flame (35)
 j - a wand of roots (36)
 q - a wand of charming (7)
 t - a wand of quicksilver (12)
 L - a wand of digging (3)
 N - a wand of polymorph (7)
Scrolls
 h - 5 scrolls of teleportation {unknown}
 n - a scroll of silence {unknown}
 p - 2 scrolls of brand weapon {unknown}
 s - 3 scrolls of magic mapping {unknown}
 w - 3 scrolls of enchant armour {unknown}
 x - 3 scrolls of fear {unknown}
 B - 4 scrolls of poison {unknown}
 C - a scroll of amnesia {unknown}
 D - a scroll of torment {unknown}
 E - a scroll of blinking {unknown}
 F - 2 scrolls of fog {unknown}
 G - a scroll of summoning {unknown}
 H - a scroll of enchant weapon {unknown}
 M - a scroll of vulnerability {unknown}
Potions
 c - 4 potions of invisibility
 d - 3 potions of enlightenment
 e - 4 potions of curing
 g - 4 potions of heal wounds
 m - 3 potions of haste
 v - a potion of lignification {!q}
 I - a potion of might {unknown}
 J - 2 potions of magic {unknown}
 K - 3 potions of mutation {!q}


   Skills:
 + Level 5.0 Fighting
 + Level 6.1 Short Blades
 + Level 4.2 Dodging
 + Level 8.7 Stealth
 + Level 8.9 Spellcasting
 * Level 11.6 Hexes
 - Level 4.0 Translocations
 - Level 5.0 Transmutations
 - Level 5.0 Earth Magic
 + Level 2.9 Invocations
 + Level 2.9 Evocations


You had 12 spell levels left.
You knew the following spells:

 Your Spells              Type           Power      Damage    Failure   Level
b - Ensorcelled Hibernat  Hex/Ice        64%        N/A       1%          2
c - Confusing Touch       Hex            59%        N/A       1%          3
d - Tukima's Dance        Hex            59%        N/A       1%          3
e - Blink                 Tloc           56%        N/A       1%          2
f - Dazzling Flash        Conj/Hex       64%        N/A       2%          3
p - Passwall              Tmut/Erth      23%        N/A       1%          2

Your spell library contained the following spells:

 Spells                   Type           Power      Damage    Failure   Level
 Apportation              Tloc           56%        N/A       1%          1
 Lesser Beckoning         Tloc           56%        N/A       1%          2
 Gell's Gravitas          Tloc           28%        N/A       3%          3
 Teleport Other           Tloc           28%        N/A       3%          3
 Momentum Strike          Conj/Tloc      28%        3d8       7%          2
 Static Discharge         Conj/Air       10%        2-3/arc   16%         2
 Swiftness                Air            10%        N/A       19%         3
 Airstrike                Air            5%         2d(1-17)  54%         4
 Summon Lightning Spire   Summ/Air       5%         N/A       69%         4
 Alistair's Intoxication  Tmut/Pois      10%        N/A       69%         5
 Iskenderun's Battlesphe  Conj           10%        2d6       87%         5
 Fireball                 Conj/Fire      2%         3d4       95%         5
 Conjure Ball Lightning   Conj/Air       2%         3x3d6     100%        6
 Orb of Destruction       Conj           5%         9d5       100%        7


Dungeon Overview and Level Annotations

Branches:
Dungeon (11/15)            Temple (0/1) D:4             Orc (0/2) D:10
Ossuary (visited)          Bailey (visited)
   Lair: D:8-11

Altars:
Ashenzari
Dithmenos
Elyvilon
Gozag
Hepliaklqana
Kikubaaqudgha
Nemelex Xobeh
Qazlal
Ru
Trog
Vehumet
Wu Jian
Xom
Yredelemnul
Zin
The Shining One

Annotations:
D:6 3 runed translucent doors, Chingon's ghost, novice MiFi
D:11 1 runed translucent door


Message History

There is a stone staircase leading up here.
You open the door.
There is an open door here.
An acid dragon comes into view.
Found 9 gold pieces.
Found a scroll labelled SURYFR ORCHIS.
Found a wand of polymorph (5).
Found a stone staircase leading down.
The helpless acid dragon fails to defend itself.
You stick the acid dragon like a pincushion!!!
You kill the acid dragon!
Dithmenos accepts your kill.
The acid dragon scales are intact enough to wear.
You now have 1385 gold pieces (gained 9).
h - 5 scrolls labelled SURYFR ORCHIS (gained 1)
Found an escape hatch in the floor.
A gargoyle comes into view. It is wielding a +0 mace.
Found a runed translucent door.
You see here a wand of polymorph (5).
There is a stone staircase leading down here.
Casting: Ensorcelled Hibernation (safe; 1% risk of failure)
Confirm with . or Enter, or press ? or * to list all spells.
Your hands begin to glow red.
The gargoyle hurls a stone arrow at you.
The stone arrow hits you!!
The gargoyle hurls a stone arrow at you.
The stone arrow misses you. The gargoyle hits you with a +0 mace.
You barely miss the gargoyle.
The gargoyle hurls a stone arrow at you.
The stone arrow hits you!!
You are too injured to fight recklessly!
You are too injured to fight recklessly!
You hit the gargoyle but do no damage.
Your shadow barely misses the gargoyle.
The gargoyle hits you with a +0 mace.
* * * LOW HITPOINT WARNING * * *
You barely miss the gargoyle. You hit the gargoyle but do no damage.
The gargoyle hurls a stone arrow at you.
The stone arrow hits you!!
You die...

#> # #. .# #. ##.#
#.#. ###...# #.#.
##.9..#
#.#.###.@##.+.
####..../>.....#
#.......#..###..#
#.......#..# .#
#.......#..###...#
####............ #
+.......###.
#......[..#
######..#...#


You could see a gargoyle.

Vanquished Creatures
  An orc warlord (Bailey)
  2 two-headed ogres
  A komodo dragon (D:8)
  Prince Ribbit (D:6)
  A wraith (D:9)
  2 wyverns
  14 yaks
  Edmund (D:5)
  2 acid dragons
  Duvessa (D:4)
  A black bear (D:5)
  An ice beast (D:5)
  4 orc warriors
  A sky beast (D:7)
  An ogre (D:5)
  A phantom (D:5)
  A kobold brigand (D:8)
  An elf zombie (Ossuary)
  4 bullfrogs
  2 necrophages (D:5)
  3 scorpions
  3 water moccasin zombies (D:5)
  2 wights (D:5)
  11 killer bees
  A vampire bat (D:4)
  A howler monkey (D:4)
  A bullfrog zombie (D:5)
  3 hounds
  2 jellies
  2 human zombies
  An orc priest (D:8)
  A sleepcap (D:7)
  Crazy Yiuf (D:7)
  Ijyb (D:5)
  7 orc wizards
  4 iguanas
  A hound zombie (D:5)
  2 mummies (Ossuary)
  Robin (D:3)
  5 gnolls
  6 adders
  An ufetubus (D:6)
  A worm (D:4)
  A dart slug (D:1)
  25 orcs
  5 ball pythons
  4 bat skeletons (D:4)
  3 bat zombies (D:4)
  5 endoplasms
  6 giant cockroaches
  18 goblins
  7 hobgoblins
  2 jackals (D:1)
  22 kobolds
  3 quokkas
  3 bats
  6 frilled lizards
  A gnoll zombie (Ossuary)
  3 goblin zombies (Ossuary)
  4 hobgoblin zombies (Ossuary)
  4 orc zombies (Ossuary)
  A rat (D:1)
227 creatures vanquished.

Vanquished Creatures (collateral kills)
  A two-headed ogre (D:10)
  An ogre (D:7)
  A necrophage (D:5)
  A wight (D:5)
  Dowan (D:4)
5 creatures vanquished.

Vanquished Creatures (others)
  2 dancing weapons (Bailey)
2 creatures vanquished.

Grand Total: 234 creatures vanquished

Notes
Turn   | Place    | Note
-------+----------+-------------------------------------------
     0 | D:1      | mopl the Deep Elf Enchanter began the quest for the Orb.
     0 | D:1      | Reached XP level 1. HP: 10/10 MP: 6/6
   108 | D:1      | Reached XP level 2. HP: 5/16 MP: 8/8
   116 | D:1      | Learned a level 2 spell: Ensorcelled Hibernation
   343 | D:1      | Reached skill level 4 in Stealth
   700 | D:1      | Reached XP level 3. HP: 20/20 MP: 9/9
   704 | D:1      | Learned a level 3 spell: Confusing Touch
   988 | D:2      | Reached skill level 1 in Fighting
  1012 | D:2      | Learned a level 3 spell: Tukima's Dance
  1050 | D:2      | Found a faded altar of an unknown god.
  1222 | D:3      | Found a shadowy altar of Dithmenos.
  1232 | D:3      | Became a worshipper of Dithmenos the Shadowed
  1483 | D:3      | Reached XP level 4. HP: 24/25 MP: 3/11
  1539 | D:3      | Noticed Robin
  1711 | D:3      | Killed Robin
  1712 | D:3      | Reached skill level 2 in Short Blades
  1729 | D:3      | Learned a level 2 spell: Passwall
  1759 | D:3      | Reached skill level 4 in Spellcasting
  1854 | D:3      | Found a bloodstained altar of Trog.
  1859 | D:3      | Found an opulent altar of Gozag.
  1869 | D:3      | Found a glowing golden altar of the Shining One.
  2082 | D:4      | Noticed Dowan
  2084 | D:4      | Noticed Duvessa
  2123 | D:4      | Reached * piety under Dithmenos
  2124 | D:4      | Reached skill level 5 in Hexes
  2124 | D:4      | Reached XP level 5. HP: 27/29 MP: 10/13
  2156 | D:4      | You fall into a shaft and drop 1 floor!
  2156 | D:5      | Entered Level 5 of the Dungeon
  2339 | D:5      | Noticed an ice beast
  2359 | D:5      | Killed an ice beast
  2360 | D:5      | Reached skill level 1 in Transmutations
  2360 | D:5      | Reached skill level 1 in Earth Magic
  2439 | D:5      | Noticed Edmund
  2492 | D:5      | Noticed an ogre
  2514 | D:5      | Killed an ogre
  2515 | D:5      | Reached XP level 6. HP: 35/35 MP: 11/15
  2545 | D:5      | Reached skill level 5 in Stealth
  2545 | D:5      | Reached skill level 5 in Spellcasting
  2668 | D:4      | Reached skill level 2 in Fighting
  2805 | D:4      | Killed Duvessa
  2805 | D:4      | Killed Dowan
  2806 | D:4      | Reached skill level 6 in Hexes
  2806 | D:4      | Reached skill level 2 in Transmutations
  2806 | D:4      | Reached XP level 7. HP: 40/40 MP: 6/17
  2933 | D:4      | Reached skill level 2 in Earth Magic
  2946 | D:4      | Learned a level 2 spell: Blink
  2950 | D:4      | Learned a level 3 spell: Dazzling Flash
  2950 | D:4      | Found a staircase to the Ecumenical Temple.
  3073 | D:4      | Found an ancient bone altar of Kikubaaqudgha.
  3135 | D:4      | Found a white marble altar of Elyvilon.
  3316 | D:5      | Found a broken altar of Ashenzari.
  3316 | D:5      | Found a sparkling altar of Nemelex Xobeh.
  3392 | D:5      | Reached skill level 3 in Short Blades
  3579 | D:5      | Reached skill level 1 in Translocations
  3601 | D:5      | Found a basalt altar of Yredelemnul.
  3620 | D:5      | Reached skill level 6 in Spellcasting
  3638 | D:5      | Reached XP level 8. HP: 45/45 MP: 14/19
  3651 | D:5      | Reached skill level 7 in Hexes
  3755 | D:5      | Reached ** piety under Dithmenos
  3914 | D:5      | Reached skill level 3 in Transmutations
  3922 | D:5      | Reached skill level 2 in Translocations
  3933 | D:5      | Reached skill level 6 in Stealth
  3933 | D:5      | Reached skill level 3 in Earth Magic
  4003 | D:5      | Noticed Ijyb
  4011 | D:5      | Killed Ijyb
  4013 | D:5      | Killed Edmund
  4014 | D:5      | Reached skill level 3 in Fighting
  4158 | D:6      | Found a shimmering altar of Xom.
  4170 | D:6      | Noticed Prince Ribbit
  4177 | D:6      | Killed Prince Ribbit
  4178 | D:6      | Reached skill level 8 in Hexes
  4211 | D:6      | Reached skill level 4 in Short Blades
  4428 | D:6      | Reached XP level 9. HP: 51/51 MP: 18/21
  4804 | D:6      | Found a runed translucent gate.
  4804 | D:6      | Found a runed translucent gate.
  4804 | D:6      | Noticed Chingon's ghost (novice MiFi)
  4805 | D:6      | Found a runed translucent gate.
  4877 | D:7      | Reached skill level 3 in Translocations
  4930 | D:7      | Reached skill level 7 in Spellcasting
  4936 | D:7      | Found a hazy altar of Hepliaklqana.
  4945 | D:7      | Reached skill level 4 in Earth Magic
  5025 | D:7      | Reached skill level 4 in Transmutations
  5064 | D:7      | Found a sand-covered staircase.
  5071 | Ossuary  | Entered an ossuary
  5173 | Ossuary  | Reached *** piety under Dithmenos
  5308 | D:7      | Reached skill level 7 in Stealth
  5308 | D:7      | Reached skill level 9 in Hexes
  5400 | D:7      | Found a radiant altar of Vehumet.
  5477 | D:7      | Found a runed translucent door.
  5478 | D:7      | Noticed Crazy Yiuf
  5580 | D:7      | Killed Crazy Yiuf
  5673 | D:8      | Noticed a komodo dragon
  5785 | D:8      | Found a sacrificial altar of Ru.
  5884 | D:8      | Found a flagged portal.
  5900 | Bailey   | Entered a bailey
  5930 | Bailey   | Noticed an orc warlord
  6023 | Bailey   | Found a runed translucent gate.
  6026 | Bailey   | Found a runed translucent gate.
  6028 | Bailey   | Found a runed translucent gate.
  6240 | Bailey   | Reached skill level 4 in Translocations
  6358 | Bailey   | Killed an orc warlord
  6359 | Bailey   | Reached skill level 4 in Fighting
  6359 | Bailey   | Reached skill level 5 in Short Blades
  6359 | Bailey   | Reached XP level 10. HP: 56/56 MP: 14/23
  6441 | D:8      | Acquired 607 gold pieces
  6500 | D:8      | Noticed a two-headed ogre
  6503 | D:8      | Killed a two-headed ogre
  6504 | D:8      | Reached skill level 8 in Spellcasting
  6504 | D:8      | Reached skill level 10 in Hexes
  6504 | D:8      | Reached skill level 5 in Transmutations
  6504 | D:8      | Reached skill level 5 in Earth Magic
  6553 | D:8      | Reached **** piety under Dithmenos
  6709 | D:8      | Reached skill level 1 in Evocations
  6712 | D:8      | Reached skill level 1 in Invocations
  6830 | D:9      | Found a glowing silver altar of Zin.
  6867 | D:9      | Reached skill level 8 in Stealth
  6875 | D:9      | Reached skill level 3 in Dodging
  6886 | D:9      | Reached skill level 11 in Hexes
  6895 | D:9      | Reached skill level 2 in Invocations
  6895 | D:9      | Reached skill level 2 in Evocations
  6956 | D:9      | Found a stormy altar of Qazlal.
  7594 | D:10     | Entered Level 10 of the Dungeon
  7639 | D:10     | Noticed a two-headed ogre
  7649 | D:10     | Killed a two-headed ogre
  7650 | D:10     | Reached XP level 11. HP: 62/62 MP: 17/25
  7717 | D:10     | Noticed a two-headed ogre
  7721 | D:10     | Killed a two-headed ogre
  7722 | D:10     | Reached skill level 6 in Short Blades
  7722 | D:10     | Reached skill level 4 in Dodging
  7873 | D:10     | Reached skill level 5 in Fighting
  7926 | D:10     | Found a staircase to the Orcish Mines.
  8023 | D:10     | Identified the +1 leather armour of Henox {Harm}
  8083 | D:10     | Found an ornate altar of the Wu Jian Council.
  8271 | D:11     | Found a runed translucent door.
  8279 | D:11     | Killed from afar by a gargoyle

Illustrated notes

Levels and vault maps discovered:
D:1:      spicycebolla_arrival_clurvy, layout_basic
D:2:      layout_rooms, hellmonk_ecumenical_altar_heavens_door
D:3:      layout_basic, nicolae_dithmenos_shadow_blocks, minitemple,
          grunt_decor_resistance, uniq_robin
D:4:      layout_rooms, elyvilon_altar_4, kennysheep_vampire_church,
          temple_green, nicolae_the_louvre, uniq_duvessa
D:5:      layout_basic, lemuel_mausoleum_altar_yredelemnul,
          nicolae_overflow_two_pavilions, serial_bayou_pond_e, uniq_ijyb,
          uniq_edmund
D:6:      layout_loops_ring, mainiacjoe_overflow_surrounded_room,
          ebering_ghost_rock_garden, uniq_prince_ribbit1
D:7:      layout_rooms, lemuel_doored_altar,
          mainiacjoe_overflow_concentric_impassable,
          lightli_ossuary_entry_decrepit_ruins, uniq_crazy_yiuf_cottage
D:8:      layout_cave_pools, mainiacjoe_overflow_24_doors, enter_bailey_7,
          minmay_misc_feat_hallway
D:9:      layout_loops_ring, lemuel_tele_altar, overflow_temple_1_default
D:10:     layout_roguey, lemuel_coloured_pillars_altar, orc_0_dummy
D:11:     layout_basic, lair_entry_dummy, nicolae_stop_n_shop_2,
          minmay_statue_crystal_thing

Skill      XL: |  1  2  3  4  5  6  7  8  9 10 11 |
---------------+----------------------------------+-----
Stealth        | 4 5 6 7 8 |  8.7
Fighting       | 1 2 3 4 5 |  5.0
Short Blades   | 2 3 4 5 6 |  6.1
Spellcasting   | 4 5 6 7 8 |  8.9
Hexes          | 5 6 8 9 11 | 11.6
Transmutations | 1 2 3 4 5 |  5.0
Earth Magic    | 1 2 3 4 5 |  5.0
Translocations | 1 2 4 |  4.0
Evocations     | 2 |  2.9
Invocations    | 2 |  2.9
Dodging        | 3 4 |  4.2

Action                     |  1- 3 |  4- 6 |  7- 9 | 10-12 || total
---------------------------+-------+-------+-------+-------++-------
  Melee: Dagger            |   107 |    83 |   303 |    72 ||   565
         Punch             |     2 |       |     2 |     2 ||     6
  Throw: Dart              |       |       |    25 |       ||    25
   Cast: Ensorcelled Hiber |    24 |    20 |    49 |    46 ||   139
         Tukima's Dance    |       |     6 |    22 |     3 ||    31
         Passwall          |       |     3 |     4 |       ||     7
         Confusing Touch   |       |     1 |    10 |     2 ||    13
  Evoke: Wand              |       |     1 |     2 |       ||     3
    Use: Scroll            |       |       |     7 |     2 ||     9
   Stab: Sleeping          |    27 |    16 |    50 |    37 ||   130
         Confused          |       |       |    13 |     2 ||    15
         Distracted        |       |       |     1 |       ||     1
 Armour: Robe              |    21 |    17 |   103 |    19 ||   160
  Dodge: Dodged            |    46 |    43 |   185 |    50 ||   324

Table legend: (Time is in decaauts)
 A = Elapsed time spent in this place.
 B = Non-inter-level travel time spent in this place.
 C = Inter-level travel time spent in this place.
 D = Time resting spent in this place.
 E = Time spent auto-exploring this place.
 F = Levels seen in this place.
 G = Mean time per level.
                   A        B        C        D        E       F      G
               +--------+--------+--------+--------+--------+-----+--------+
         Total |   8185 |   7850 |    335 |    453 |   4827 |  13 |  629.6 |
       Dungeon |   7457 |   7122 |    335 |    438 |   4559 |  11 |  677.9 |
       Ossuary |    196 |    196 |      0 |      0 |     52 |   1 |  196.0 |
        Bailey |    530 |    530 |      0 |     15 |    216 |   1 |  530.0 |
               +--------+--------+--------+--------+--------+-----+--------+

Top non-repeatable levels by time:
     D:5: 1336 daAuts
     D:3: 932 daAuts
     D:1: 847 daAuts
     D:9: 791 daAuts
     D:6: 735 daAuts
     D:4: 666 daAuts
     D:8: 640 daAuts
    D:10: 608 daAuts
  Bailey: 530 daAuts
     D:7: 511 daAuts
     D:2: 320 daAuts
 Ossuary: 196 daAuts
    D:11: 68 daAuts
